 Dungeon Crawl Stone Soup version 0.29.1-12-g30fa7ad0bf (webtiles) character file.

Game seed: 6530156830223629070

170 sjgraves the Chopper (level 5, -14/39 HPs)
             Began as a Demonspawn Gladiator on Jan 2, 2023.
             Demolished by an ogre
             ... wielding a +0 giant club
              (26 damage)
             ... on level 4 of the Dungeon.
             The game lasted 00:08:58 (3405 turns).

sjgraves the Chopper (Demonspawn Gladiator)         Turns: 3405, Time: 00:08:58

Health: -14/39     AC: 10    Str: 21 (22) XL:     5   Next: 26%
Magic:  14/14      EV: 11    Int:  8 (10) God:
Gold:   160        SH:  6    Dex: 12 (14) Spells: 4/4 levels left

rFire   . . .      SeeInvis .   a - +0 war axe
rCold   . . .      Faith    .   (no shield)
rNeg    . . .      Spirit   .   b - +3 scale mail {rPois}
rPois   +          Reflect  .   (helmet restricted)
rElec   .          Harm     .   (no cloak)
rCorr   .          Rampage  .   r - +0 pair of gloves
Will    .....                   (no boots)
Stlth   ..........              (no amulet)
HPRegen 0.13/turn               h - ring of magical power
MPRegen 0.14/turn               k - +6 ring of strength

@: no status effects
A: antennae 1, large bone plates 2
a: no special abilities


You were on level 4 of the Dungeon.
You visited 1 branch of the dungeon, and saw 4 of its levels.

You collected 160 gold pieces.

Inventory:

Hand Weapons
 a - a +0 war axe (weapon)
Missiles
 d - 2 throwing nets (quivered)
 f - a datura-tipped dart
Armour
 b - a +3 scale mail of poison resistance (worn)
 r - a +0 pair of gloves (worn)
Jewellery
 h - a ring of magical power (left hand)
 k - a +6 ring of strength (right hand)
 n - a +6 ring of intelligence
Scrolls
 i - a scroll of amnesia
 j - 2 scrolls of identify
 q - a scroll of blinking {unknown}
Potions
 c - 2 potions of resistance
 g - 2 potions of curing


   Skills:
 + Level 2.4 Fighting
 + Level 4.1 Axes
 + Level 1.8 Throwing
 + Level 1.8 Armour
 + Level 3.3 Dodging
 + Level 0.4 Stealth
 + Level 0.4 Shields


You had 4 spell levels left.
You didn't know any spells.
Your spell library contained the following spells:

 Spells                   Type           Power      Damage    Failure   Level
 Static Discharge         Conj/Air       0%         3-3/arc   88%         2
 Dispel Undead            Necr           0%         3d6       100%        4
 Sticky Flame             Conj/Fire      0%         2d3       100%        4


Dungeon Overview and Level Annotations

Branches:
Dungeon (4/15)
 Temple: D:4-7

Altars:
Ashenzari
Dithmenos

Shops:
D:4 [


Innate Abilities, Weirdness & Mutations

You have a pair of small antennae on your head.
You are mostly covered in large bone plates. (SH +6)


Message History

You fly up into the air.
The ogre hits you with a +0 giant club.
* * * LOW HITPOINT WARNING * * *
As you read the scroll of teleportation, it crumbles to dust.
You feel strangely unstable. You block the ogre's attack.
Your surroundings suddenly seem different.
Found Fotemur's Antique Armour Shop.
You are starting to lose your buoyancy.
You float gracefully downwards.
An ogre is nearby!
You are too injured to fight recklessly!
Throw: 2 darts (datura)
Press: ? - help, Q - select action, (/) - cycle Shift-Dir - straight line, f - ogre
Aim: an ogre, wielding a +0 giant club (severely wounded, 73% to hit, chance to frenzy on hit: 27%)
You throw a datura-tipped dart. The datura-tipped dart hits the ogre.
The ogre flies into a frenzy!
The ogre is severely wounded.
Throw: javelin
Press: ? - help, Q - select action, (/) - cycle Shift-Dir - straight line, f/p - ogre
Aim: an ogre, wielding a +0 giant club (severely wounded, fast, strong, frenzied and insane, 73% to hit)
You throw a javelin. The javelin barely misses the ogre.
Throw: 3 throwing nets
Press: ? - help, Q - select action, (/) - cycle Shift-Dir - straight line, f/p - ogre
Aim: an ogre, wielding a +0 giant club (severely wounded, fast, strong, frenzied and insane, 73% to hit)
You throw a throwing net. The throwing net hits the ogre.
The ogre is caught in the net!
The ogre is severely wounded.
The ogre struggles against the net. x2
The ogre struggles against the net.
The net rips apart, and the ogre comes free!
You slash the ogre!
The ogre is almost dead.
The ogre misses you.
You closely miss the ogre.
The ogre is almost dead.
You block the ogre's attack. The ogre completely misses you.
You barely miss the ogre.
The ogre is almost dead.
The ogre hits you with a +0 giant club!!
Ouch! That really hurt!
You die...

#..........###
######............#
#......((..######.#
#..........# #.#
#...∩.......### #.##
#............§. #...
#.......# ##.§.####.
#..O....# #§..§§###.
#..@....# §§§.§§§##.
#.......# §§..§O§§#.
#........§§...§§§§..
#.......§§..._.§§...
#######.§§§.§.......
.#§§§...§§.##
##§....§§## ##§..§§#
##...#


You could see a neutral ogre (fast, strong, insane).

Vanquished Creatures
  Jessica (D:3)
  Terence (D:3)
  5 adders
  3 worms
  2 dart slugs (D:1)
  6 endoplasms
  A giant cockroach (D:1)
  9 goblins
  5 hobgoblins
  2 jackals (D:2)
  8 kobolds
  3 quokkas
  5 ball pythons
  4 bats
  2 frilled lizards
  6 rats
63 creatures vanquished.

Notes
Turn   | Place    | Note
-------+----------+-------------------------------------------
     0 | D:1      | sjgraves the Demonspawn Gladiator began the quest for the
                  | Orb.
     0 | D:1      | Reached XP level 1. HP: 16/16 MP: 1/1
   128 | D:1      | Reached skill level 3 in Axes
   128 | D:1      | Gained mutation: You have a pair of small antennae on your
                  | head. [demonic ancestry]
   128 | D:1      | Reached XP level 2. HP: 9/22 MP: 2/2
   531 | D:1      | Found a faded altar of an unknown god.
   946 | D:2      | Gained mutation: You are partially covered in large bone
                  | plates. (SH +4) [demonic ancestry]
   946 | D:2      | Reached XP level 3. HP: 27/27 MP: 3/3
  2145 | D:3      | Reached skill level 1 in Armour
  2158 | D:3      | Found a broken altar of Ashenzari.
  2237 | D:3      | Reached XP level 4. HP: 28/33 MP: 4/4
  2452 | D:3      | Identified the +1 leather armour of the Untouchables {rN+}
  2875 | D:3      | Noticed Jessica
  2880 | D:3      | Killed Jessica
  2881 | D:3      | Reached skill level 4 in Axes
  3032 | D:3      | Noticed Terence
  3046 | D:3      | Killed Terence
  3047 | D:3      | Gained mutation: You are mostly covered in large bone
                  | plates. (SH +6) [demonic ancestry]
  3047 | D:3      | Reached XP level 5. HP: 15/39 MP: 5/5
  3302 | D:4      | Found a shadowy altar of Dithmenos.
  3307 | D:4      | Noticed an ogre
  3318 | D:4      | HP: 1/39 [ogre/+0 giant club (6)]
  3321 | D:4      | Found Fotemur's Antique Armour Shop.
  3405 | D:4      | Demolished by an ogre

Illustrated notes

Levels and vault maps discovered:
D:1:      dpeg_arrival_triangle_fractal, layout_rooms,
          dilly_ecumenical_altar_fadedgnrine, serial_park_tiny_2,
          nrook_campfire, hangedman_decor_opposing
D:2:      layout_loops_cross, serial_rivers, chequers_serial_rivers_micro_b,
          chequers_serial_rivers_room_b, chequers_serial_rivers_micro_a,
          chequers_serial_rivers_small_b, chequers_serial_rivers_micro_d,
          chequers_serial_rivers_micro_c
D:3:      layout_loops_ring, evilmike_ruin_ashenzari, uniq_terence, uniq_jessica
D:4:      layout_rooms, nicolae_overflow_hidden_temple,
          worldfamousw_hep_ancestral_shrine, mainiacjoe_overflow_two_lobes,
          nicolae_dithmenos_the_darkroom, serial_shops, kennysheep_little_box,
          shop, nicolae_stop_n_shop_1, shop

Skill      XL: |  1  2  3  4 |
---------------+-------------+-----
Axes           | 3 4 |  4.1
Dodging        | 3 |  3.3
Armour         | 1 |  1.8
Fighting       | |  2.4
Throwing       | |  1.8
Stealth        | |  0.4
Shields        | |  0.4

Action                   |  1- 3 |  4- 6 || total
-------------------------+-------+-------++-------
Melee: War axe           |    88 |    88 ||   176
       Punch             |     2 |     4 ||     6
Throw: Dart              |     1 |     1 ||     2
       Javelin           |       |     1 ||     1
       Throwing net      |       |     1 ||     1
  Use: Scroll            |     4 |     2 ||     6
       Potion            |       |     3 ||     3
 Stab: Sleeping          |     1 |       ||     1
Armor: Leather armour    |    16 |    14 ||    30
       Scale mail        |       |    15 ||    15
Dodge: Dodged            |    52 |    39 ||    91
Block: Other             |     6 |    16 ||    22
